 Dungeon Crawl Stone Soup version 0.31-a0-801-gc67433417a (webtiles) character file.

Game seed: 78835511358140896

49 GordonOverkill the Sneak (level 3, -1/23 HPs)
             Began as a Deep Elf Delver on Sept 20, 2023.
             Slain by a gnoll bouda
             ... wielding a +0 club
              (10 damage)
             ... on level 6 of the Dungeon.
             The game lasted 00:01:29 (216 turns).

GordonOverkill the Sneak (Deep Elf Delver)           Turns: 216, Time: 00:01:29

Health: -1/23      AC:  3    Str:  9    XL:     3   Next: 53%
Magic:  5/5        EV: 12    Int: 16    God:
Gold:   0          SH:  0    Dex: 16    Spells: 2/2 levels left

rFire   + + +        h - +7 short sword of Fee Simple {heavy, Fragile rPois rF+++ rCorr}
rCold   . . .        (no shield)
rNeg    . . .        b - +0 leather armour
rPois   +            (no helmet)
rElec   .            (no cloak)
rCorr   +            (no gloves)
SInv    .            (no boots)
Will    .....        (no amulet)
Stlth   +++          (no ring)
HPRegen 0.23/turn    (no ring)
MPRegen 0.09/turn

%: no passive effects
@: weakened
A: no striking features
a: no special abilities


You were on level 6 of the Dungeon.
You visited 1 branch of the dungeon, and saw 3 of its levels.

Inventory:

Hand Weapons
 h - the +7 short sword of Fee Simple (weapon) {heavy, Fragile rPois rF+++ rCorr}
   (You found it on level 6 of the Dungeon)

   rF+++:     It renders you almost immune to fire.
   rPois:     It protects you from poison rCorr: It protects you from acid and
   corrosion.
   Fragile:   It will be destroyed if unequipped.
Armour
 b - a +0 leather armour (worn)
Wands
 g - a wand of digging (3)
Scrolls
 a - a scroll of teleportation {unknown}
 c - a scroll of fog
 d - a scroll of revelation
Potions
 f - a potion of haste


   Skills:
 - Level 3.0 Fighting
 + Level 3.4 Short Blades
 - Level 2.4 Dodging
 - Level 6.0 Stealth


You had 2 spell levels left.
You didn't know any spells.
Your spell library was empty.

Dungeon Overview and Level Annotations

Branches:
Dungeon (7/15)
 Temple: D:4-7

Altars:


Message History

Something shouts, "Scamper hence, thou lily-hearted beetle-headed haggard!"
Things that are here:
a +0 leather armour; a +0 club; an orc corpse
There is a stone staircase leading up here.
The gnoll bouda zaps a wand.
You resist with some effort.
The gnoll shouts!
The gnoll is no longer moving quickly.
The gnoll bouda zaps a wand.
You resist with some effort.
You climb upwards.
There is a stone staircase leading down here.
You puncture the gnoll bouda!
The gnoll bouda is moderately wounded.
The gnoll bouda zaps a wand.
You resist with some effort.
You hit the gnoll bouda.
The gnoll bouda is heavily wounded.
The gnoll bouda hits you with a +0 club!
You puncture the gnoll bouda!
The gnoll bouda is almost dead.
The gnoll bouda hits you but does no damage.
You hit the gnoll bouda.
The gnoll bouda is almost dead.
The gnoll bouda gazes fiercely through you!
You feel your attacks grow feeble.
The gnoll bouda hits you with a +0 club!
* * * LOW HITPOINT WARNING * * *
The gnoll bouda utters an invocation to its god.
The gnoll bouda is healed somewhat.
You barely miss the gnoll bouda.
The gnoll bouda is severely wounded.
The gnoll bouda completely misses you.
You closely miss the gnoll bouda.
The gnoll bouda is severely wounded.
The gnoll bouda gazes fiercely through you!
You feel as though you will be weak longer.
The gnoll bouda closely misses you.
You hit the gnoll bouda but do no damage.
The gnoll bouda is severely wounded.
The gnoll bouda barely misses you.
The gnoll bouda hits you with a +0 club!
You die...

##..... ....##...... ....
#....[.##... #.....#.....
.......#..###..#..#..#..
#.........#...#........
#......................
###......................
....##.....##....<###...
#....)..)..............
#..#....@..............
... #.....g.............
# ###....#............
####..............
...............
#...............
#...............
#..........Y...
..........


You could see a gnoll bouda.

Vanquished Creatures
  An orc wizard (D:7)
  2 gnolls
  2 orcs (D:7)
5 creatures vanquished.

Notes
Turn   | Place    | Note
-------+----------+-------------------------------------------
     0 | D:5      | GordonOverkill the Deep Elf Delver began the quest for the
                  | Orb.
     0 | D:5      | Reached XP level 1. HP: 13/13 MP: 3/3
     3 | D:6      | Noticed an ice beast
    11 | D:6      | Identified the +7 short sword of Fee Simple {heavy, Fragile
                  | rPois rF+++ rCorr}
    32 | D:7      | Noticed a bullfrog
    77 | D:6      | Reached XP level 2. HP: 13/19 MP: 4/4
   183 | D:7      | Reached XP level 3. HP: 23/23 MP: 5/5
   216 | D:6      | Slain by a gnoll bouda

Illustrated notes

Levels and vault maps discovered:
D:5:      layout_basic
D:6:      layout_cave_pools, minmay_temple_entry_offerings,
          serial_bayou_crossing
D:7:      layout_cave_pools, kennysheep_mini,
          mainiacjoe_overflow_catwalk_spiral, uniq_prince_ribbit1, uniq_pikel,
          uniq_duvessa

Skill      XL: |  1  2 |
---------------+-------+-----
Fighting       | 3 |  3.0
Short Blades   | 3 |  3.4
Dodging        | |  2.4
Stealth        | |  6.0

Action                     || total
---------------------------++-------
  Melee: Short sword       ||    19
    Use: Scroll            ||     1
   Stab: Distracted        ||     1
 Armour: Leather armour    ||    14
  Dodge: Dodged            ||    10

Table legend: (Time is in decaauts)
 A = Elapsed time spent in this place.
 B = Non-inter-level travel time spent in this place.
 C = Inter-level travel time spent in this place.
 D = Time resting spent in this place.
 E = Time spent auto-exploring this place.
 F = Levels seen in this place.
 G = Mean time per level.
                   A        B        C        D        E       F      G
               +--------+--------+--------+--------+--------+-----+--------+
         Total |    224 |    224 |      0 |    106 |      0 |   3 |   74.7 |
       Dungeon |    224 |    224 |      0 |    106 |      0 |   3 |   74.7 |
               +--------+--------+--------+--------+--------+-----+--------+

Top non-repeatable levels by time:
     D:7: 112 daAuts
     D:6: 110 daAuts
     D:5: 1 daAuts
